 Dungeon Crawl Stone Soup version 0.31-a0-1074-g0b22e4e0f1 (webtiles) character file.

Game seed: 15100285501793271678

112 horus123 the Magician (level 4, -1/27 HPs)
             Began as a Deep Elf Conjurer on Dec 2, 2023.
             Slain by an orc wizard
             ... wielding a +0 dagger
              (2 damage)
             ... on level 3 of the Dungeon.
             The game lasted 00:02:34 (2143 turns).

horus123 the Magician (Deep Elf Conjurer)           Turns: 2143, Time: 00:02:35

Health: -1/27      AC:  2    Str:  4    XL:     4   Next: 64%
Magic:  13/13      EV: 12    Int: 25    God:
Gold:   175        SH:  0    Dex: 13    Spells: 6/13 levels left

rFire   . . .        e - +0 long sword
rCold   . . .        (no shield)
rNeg    . . .        a - +0 robe
rPois   .            (no helmet)
rElec   .            (no cloak)
rCorr   .            (no gloves)
SInv    .            (no boots)
Will    .....        (no amulet)
Stlth   ++           (no ring)
HPRegen 0.24/turn    (no ring)
MPRegen 0.13/turn

%: no passive effects
@: no status effects
A: no striking features
a: no special abilities


You were on level 3 of the Dungeon.
You visited 1 branch of the dungeon, and saw 3 of its levels.

You collected 175 gold pieces.

Inventory:

Hand Weapons
 e - a +0 long sword (weapon)
Armour
 a - a +0 robe (worn)
Jewellery
 g - an amulet of faith
Scrolls
 d - a scroll of immolation {unknown}
 h - 3 scrolls of identify {unknown}
 i - 2 scrolls of silence {unknown}
 k - 2 scrolls of fog {unknown}
 l - a scroll of revelation {unknown}
 m - a scroll of brand weapon {unknown}
Potions
 b - a potion of magic
 c - a potion of mutation {unknown}
 f - a potion of cancellation {unknown}
 j - a potion of heal wounds {unknown}


   Skills:
 - Level 2.3 Fighting
 + Level 0.6 Long Blades
 - Level 2.4 Dodging
 - Level 2.4 Stealth
 - Level 5.0 Spellcasting
 - Level 4.3 Conjurations


You had 6 spell levels left.
You knew the following spells:

 Your Spells              Type           Power      Damage    Failure   Level
a - Magic Dart            Conj           100%       1d8       1%          1
b - Searing Ray           Conj           56%        2d6       1%          2
c - Iskenderun's Mystic   Conj/Tloc      17%        2d5       32%         4

Your spell library contained the following spells:

 Spells                   Type           Power      Damage    Failure   Level
 Dazzling Flash           Conj/Hex       34%        N/A       10%         3
 Ensorcelled Hibernation  Hex/Ice        12%        N/A       12%         2
 Passwall                 Tmut/Erth      5%         N/A       12%         2
 Ozocubu's Armour         Ice            6%         N/A       24%         3
 Swiftness                Air            6%         N/A       24%         3
 Fulminant Prism          Conj/Hex       8%         3d6       32%         4
 Metabolic Englaciation   Hex/Ice        3%         N/A       92%         5
 Simulacrum               Ice/Necr       3%         N/A       100%        6


Dungeon Overview and Level Annotations

Branches:
Dungeon (3/15)

Altars:
Yredelemnul


Message History

The orc wizard gestures at you while chanting.
The magic dart hits you!
You're too confused to cast spells.
Unknown command.
You feel less confused.
You barely miss the orc wizard.
The orc wizard is heavily wounded.
You closely miss the orc wizard.
The orc wizard is heavily wounded.
The orc wizard points at you and mumbles some strange words.
You are confused.
The orc wizard gestures at you while chanting.
The magic dart hits you.
The orc wizard casts a spell.
The orc wizard flickers and vanishes!
Deactivating autopickup; reactivate with Ctrl-A.
You barely miss something. You slash the orc!
The orc is almost dead.
Something hits you but does no damage. The orc hits you with a +0 dagger. x2
* * * LOW HITPOINT WARNING * * *
Something hits you.
* * * LOW HITPOINT WARNING * * *
You feel less confused. Something hits you but does no damage.
Unknown command.
You hit something but do no damage. Something hits you.
* * * LOW HITPOINT WARNING * * *
The orc hits you with a +0 dagger.
* * * LOW HITPOINT WARNING * * *
You miss something. Something hits you but does no damage.
The orc hits you but does no damage. Something hits you.
* * * LOW HITPOINT WARNING * * *
You barely miss something. Something hits you.
* * * LOW HITPOINT WARNING * * *
The orc closely misses you.
You hit the orc.
You kill the orc!
The orc misses you. Something hits you.
You die...

...............#
#####......####
#......#
#.#####......#
#.....'......#
#######......#########
#...............
#...............
#......)@.......
#......o.#######
###+####)# #..# .....
...).. .........
......### .......#


You could see an orc.

Vanquished Creatures
  Natasha (D:2)
  4 adders (D:2)
  A dart slug (D:1)
  2 orcs (D:3)
  2 bats (D:1)
  4 endoplasms
  A giant cockroach (D:2)
  6 goblins
  3 hobgoblins
  11 kobolds
  3 quokkas
  3 ball pythons
  5 frilled lizards
  4 rats
50 creatures vanquished.

Notes
Turn   | Place    | Note
-------+----------+-------------------------------------------
     0 | D:1      | horus123 the Deep Elf Conjurer began the quest for the Orb.
     0 | D:1      | Reached XP level 1. HP: 10/10 MP: 6/6
   193 | D:1      | Reached skill level 4 in Spellcasting
   193 | D:1      | Reached XP level 2. HP: 15/15 MP: 6/9
   371 | D:1      | Learned a level 2 spell: Searing Ray
  1141 | D:2      | Reached skill level 5 in Spellcasting
  1141 | D:2      | Reached XP level 3. HP: 20/20 MP: 6/11
  1333 | D:2      | Reached skill level 1 in Fighting
  1408 | D:2      | Reached XP level 4. HP: 19/26 MP: 4/13
  1568 | D:2      | Learned a level 4 spell: Iskenderun's Mystic Blast
  1579 | D:2      | Noticed Natasha
  1586 | D:2      | Killed Natasha
  1666 | D:2      | Found a basalt altar of Yredelemnul.
  2142 | D:3      | HP: 1/27 [something (1)]
  2143 | D:3      | Slain by an orc wizard

Illustrated notes

Levels and vault maps discovered:
D:1:      hellmonk_arrival_library, layout_loops_corners,
          lexackson_kobold_supper
D:2:      layout_rooms, basic_altar, uniq_natasha
D:3:      layout_basic

Skill      XL: |  1  2  3  4 |
---------------+-------------+-----
Spellcasting   | 4 5 |  5.0
Fighting       | 1 2 |  2.3
Long Blades    | |  0.6
Dodging        | |  2.4
Stealth        | |  2.4
Conjurations   | |  4.3

Action                     |  1- 3 |  4- 6 || total
---------------------------+-------+-------++-------
  Melee: Long sword        |     6 |     8 ||    14
   Cast: Magic Dart        |    58 |    28 ||    86
         Searing Ray       |       |     1 ||     1
 Armour: Robe              |     6 |    16 ||    22
  Dodge: Dodged            |     6 |     2 ||     8

Table legend: (Time is in decaauts)
 A = Elapsed time spent in this place.
 B = Non-inter-level travel time spent in this place.
 C = Inter-level travel time spent in this place.
 D = Time resting spent in this place.
 E = Time spent auto-exploring this place.
 F = Levels seen in this place.
 G = Mean time per level.
                   A        B        C        D        E       F      G
               +--------+--------+--------+--------+--------+-----+--------+
         Total |   2146 |   2109 |     37 |      0 |   1877 |   3 |  715.3 |
       Dungeon |   2146 |   2109 |     37 |      0 |   1877 |   3 |  715.3 |
               +--------+--------+--------+--------+--------+-----+--------+

Top non-repeatable levels by time:
     D:1: 1124 daAuts
     D:2: 688 daAuts
     D:3: 334 daAuts
